[Event "Early-Titled-Tuesday-Blitz-January-16-2024"]
[Site "Chess.com"]
[Date "2024.01.16"]
[Round "1"]
[White "jcibarra"]
[Black "Maus7"]
[Result "0-1"]
[WhiteElo "2858"]
[BlackElo "2502"]
[TimeControl "180+1"]
[EndTime "8:06:09 PST"]
[Termination "Maus7 won by resignation"]

1. e4 e5 2. Nf3 Nc6 3. Bb5 a6 4. Bxc6 dxc6 5. O-O Bd6 6. d4 exd4 7. Qxd4 f6 8. Be3 Ne7 9. Nbd2 Be6 10. Qc3 Qd7 11. b4 Ng6 12. Nd4 O-O 13. f4 Bf7 14. Nf5 Rad8 15.
Nb3 Rfe8 16. Ng3 Qg4 17. Na5 Nxf4 18. Rae1 Be5 19. Qa3 Rb8 20. Ba7 Ra8 21. Be3 Rab8 22. Ba7 Ra8 23. Bf2 b6 24. Nxc6 Bc4 25. Nxe5 fxe5 26.
h3 Qe6 27. Qc3 Rad8 28. Be3 Bxf1 29. Rxf1 Rf8 30. Nf5 Ne2+ 0-1

[Event "Early-Titled-Tuesday-Blitz-January-16-2024"]
[Site "Chess.com"]
[Date "2024.01.16"]
[Round "1"]
[White "arenal72"]
[Black "kritipatel"]
[Result "1-0"]
[WhiteElo "2581"]
[BlackElo "2163"]
[TimeControl "180+1"]
[EndTime "8:06:10 PST"]
[Termination "arenal72 won by resignation"]

1. Nf3 d5 2. g3 e6 3. Bg2 Nf6 4. O-O Be7 5. c4 O-O 6. d3 c5 7. cxd5 exd5 8. b3 Nc6 9. Bb2 Bf5 10. Nbd2 Rc8 11. Rc1 Qb6 12. Nh4 Be6 13. e4 Rfd8 14. e5 Nd7 15. Nhf3 d4 16. Qe2 Nb4 17. a3 Nc6 18. Ba1 Bxb3 19. Nxb3 Qxb3 20. Rb1 Qxa3 21. e6 fxe6 22. Qxe6+ Kh8 23. Rxb7 Nf6 24. Ng5 Rf8 25. Bxc6 Bd8 26. Nf7+ Kg8 27. Nxd8+ Kh8 1-0

[Event "Early-Titled-Tuesday-Blitz-January-16-2024"]
[Site "Chess.com"]
[Date "2024.01.16"]
[Round "1"]
[White "Felix-Rose"]
[Black "vladgoncharov"]
[Result "0-1"]
[WhiteElo "2209"]
[BlackElo "2594"]
[TimeControl "180+1"]
[EndTime "8:06:11 PST"]
[Termination "vladgoncharov won on time"]

1. e4 e6 2. d4 d5 3. Nc3 Nc6 4. Nf3 Nf6 5. e5 Ne4 6. a3 Nxc3 7. bxc3 Na5 8. Bd3 c5 9. h4 Qc7 10. h5 h6 11. O-O Be7 12. Bf4 Bd7 13. dxc5 Bxc5 14.
Nd4 f5 15. exf6 Qxf4 16. Bg6+ Kd8 17. fxg7 Rg8 18. Re1 Bxd4 19. cxd4 Rxg7 20. Qb1 Kc7 21. Re3 Qxd4 22. c3 Qc5 23. a4 Rf8 0-1

[Event "Early-Titled-Tuesday-Blitz-January-16-2024"]
[Site "Chess.com"]
[Date "2024.01.16"]
[Round "1"]
[White "Bkmzzzzz"]
[Black "Druid24"]
[Result "0-1"]
[WhiteElo "2381"]
[BlackElo "2710"]
[TimeControl "180+1"]
[EndTime "8:06:12 PST"]
[Termination "Druid24 won by resignation"]

1. e4 c5 2. Nf3 d6 3. d4 cxd4 4. Qxd4 Nf6 5. Nc3 Nc6 6. Bb5 Bd7 7. Qd3 a6 8. Bxc6 Bxc6 9. Bg5 e6 10. O-O-O Qc7 11. Rhe1 Be7 12. Nd4 Rc8 13. Kb1 O-O 14. f3 b5 15. g4 Rfd8 16. h4 b4 17. Nce2 a5 18. Bxf6 Bxf6 19. g5 Be7 20. f4 a4 21.
f5 e5 22. Nxc6 Qxc6 23. g6 fxg6 24. fxg6 hxg6 25. Rg1 Qc4 26. Rxg6 Qxd3 27. cxd3 Bxh4 28. d4 Bf6 29. Rdg1 Kf7 30. d5 Rc4 31. R6g4 Rh8 32. Ng3 Rh2 33. Rc1 Rxc1+ 34. Kxc1 Rg2 35. Kb1 Bd8 36.
Kc1 Bb6 37. Kd1 Bf2 0-1

[Event "Early-Titled-Tuesday-Blitz-January-16-2024"]
[Site "Chess.com"]
[Date "2024.01.16"]
[Round "1"]
[White "Msb2"]
[Black "dosto07"]
[Result "1-0"]
[WhiteElo "3066"]
[BlackElo "2534"]
[TimeControl "180+1"]
[EndTime "8:06:14 PST"]
[Termination "Msb2 won on time"]

1. d4 d5 2. c4 dxc4 3. e4 Nf6 4. e5 Nd5 5. Bxc4 Nb6 6. Bd3 Nc6 7. Be3 Be6 8. Nc3 Qd7 9. Nge2 O-O-O 10. Be4 Nb4 11. O-O N4d5 12. Qc2 Nxe3 13. fxe3 Nd5 14. Nxd5 Bxd5 15.
Bxd5 Qxd5 16. Nf4 Qd7 17. e6 fxe6 18. Rac1 c6 19. Qb3 g6 20. Nxe6 Re8 21. Nc5 Qc7 22. d5 e5 23. dxc6 Bxc5 24. Rxc5 b6 25. Rc2 Rhf8 26. Rxf8 Rxf8 27. h3 Kb8 28. Qe6 Rc8 29.
b4 a6 30. a4 e4 31. Qxe4 Rd8 32. Rc1 Rd2 33. b5 Ka7 34. Qf4 Kb8 35. Qf8+ Ka7 36. Rf1 Rd8 37. Rf7 Rxf8 38. Rxc7+ Ka8 39. Rb7 axb5 40.
axb5 Rf5 41. Rxb6 Ka7 42. c7 Rc5 43. Rc6 1-0

[Event "Early-Titled-Tuesday-Blitz-January-16-2024"]
[Site "Chess.com"]
[Date "2024.01.16"]
[Round "1"]
[White "Bigfish1995"]
[Black "oganromchess"]
[Result "1-0"]
[WhiteElo "3038"]
[BlackElo "2532"]
[TimeControl "180+1"]
[EndTime "8:06:14 PST"]
[Termination "Bigfish1995 won on time"]

1. e4 e6 2. d4 d5 3. Nd2 Nf6 4. Bd3 b6 5. Ngf3 Bb7 6. exd5 Nxd5 7. O-O Be7 8. Re1 Nd7 9. c3 c5 10. dxc5 Nxc5 11. Bb5+ Kf8 12. Ne5 Bd6 13. Ndf3 Qc7 14.
Qe2 h6 15. Bd2 a6 16. Bc4 Nd7 17. Nxf7 Kxf7 18. Qxe6+ Kf8 19. Bxd5 Bxd5 20. Qxd5 Rd8 21. Rad1 Nf6 22. Qb3 b5 23. h3 Qf7 24. Qc2 Qxa2 25. Nh4 1-0

[Event "Early-Titled-Tuesday-Blitz-January-16-2024"]
[Site "Chess.com"]
[Date "2024.01.16"]
[Round "1"]
[White "albi1999"]
[Black "cristiano78"]
[Result "1-0"]
[WhiteElo "2615"]
[BlackElo "2268"]
[TimeControl "180+1"]
[EndTime "8:06:14 PST"]
[Termination "albi1999 won by resignation"]

1. d4 Nf6 2. Nf3 g6 3. Nc3 Bg7 4. e4 d6 5. h3 O-O 6. Bd3 c6 7.
O-O Nbd7 8. e5 Nd5 9. Nxd5 cxd5 10. exd6 exd6 11. c3 Nf6 12. Qb3 b6 13. Re1 Be6 14. Qc2 Re8 15. Bf4 Bf8 16. Re2 Qc7 17. Rae1 Bd7 18.
Bg5 Bg7 19. Rxe8+ Rxe8 20. Rxe8+ Bxe8 21. Qe2 Bc6 22. Nd2 Qd7 23. f3 h6 24. Bh4 g5 25. Bg3 Nh5 26. Bh2 Qe6 27. Qxe6 fxe6 28. Bxd6 Kf7 29. g3 Nf6 30. Kf2 h5 31. Be5 Nd7 32.
Bxg7 Kxg7 33. Ke3 Kf6 34. f4 gxf4+ 35. gxf4 Nf8 36. Nf3 Be8 37. Ne5 Nd7 38. Bb5 Ke7 39. Nc6+ Kd6 40. Nxa7 Bg6 41. Nc8+ Kc7 42. Bxd7 Bf5 43.
Ne7 Kxd7 44. Nxf5 exf5 45. Kd3 b5 46. b3 h4 47. c4 Kc6 48. Kc3 dxc4 49. bxc4 bxc4 50.
Kxc4 1-0

[Event "Early-Titled-Tuesday-Blitz-January-16-2024"]
[Site "Chess.com"]
[Date "2024.01.16"]
[Round "1"]
[White "leschebaza"]
[Black "Gabrielian_Artur"]
[Result "0-1"]
[WhiteElo "2431"]
[BlackElo "2797"]
[TimeControl "180+1"]
[EndTime "8:06:16 PST"]
[Termination "Gabrielian_Artur won by checkmate"]

1. Nf3 Nf6 2. d4 g6 3. c4 Bg7 4. Nc3 O-O 5. e4 d6 6. h3 c5 7. d5 e6 8. Bd3 exd5 9. cxd5 Nbd7 10.
Bf4 c4 11. Bc2 Nc5 12. O-O Re8 13. Re1 b5 14. Nd4 b4 15. Nc6 Qb6 16. Na4 Nxa4 17.
Bxa4 Rxe4 18. Bxd6 a5 19. Qf3 Rxe1+ 20. Rxe1 Bf5 21.
Ne7+ Kh8 22. Nxf5 gxf5 23. Bc6 Ne4 24. Bxa8 Nxd6 25. b3 c3 26. Bc6 Qd4 27. Qg3 f4 28. Qg5 Bf6 29. Qh6 Kg8 30. Kh2 c2 31. g3 Qxf2+ 32.
Kh1 Qxe1+ 33. Kh2 Qxg3+ 34. Kh1 c1=Q# 0-1

[Event "Early-Titled-Tuesday-Blitz-January-16-2024"]
[Site "Chess.com"]
[Date "2024.01.16"]
[Round "1"]
[White "GameOverBro"]
[Black "mertfelin"]
[Result "1-0"]
[WhiteElo "2604"]
[BlackElo "2238"]
[TimeControl "180+1"]
[EndTime "8:06:16 PST"]
[Termination "GameOverBro won by resignation"]

1. e4 e5 2. Nf3 Nc6 3. Bb5 a6 4. Ba4 Nf6 5. d4 exd4 6. O-O Be7 7. e5 Ne4 8. Nxd4 O-O 9. Bf4 Nc5 10. Bb3 Nxb3 11. cxb3 Bc5 12. Nf3 h6 13. Nc3 Re8 14.
Qd5 Bf8 15. Rad1 Ne7 16. Qd3 Ng6 17. Bg3 b6 18. Rfe1 a5 19. h4 Ne7 20. h5 Nc6 21. a3 Be7 22. Re4 d6 23. exd6 Bxd6 24. Bxd6 cxd6 25.
Qxd6 Bb7 26. Rxe8+ Qxe8 27. Qc7 Rc8 28. Qxb7 1-0

[Event "Early-Titled-Tuesday-Blitz-January-16-2024"]
[Site "Chess.com"]
[Date "2024.01.16"]
[Round "1"]
[White "RCone"]
[Black "EAtakishiyev11"]
[Result "0-1"]
[WhiteElo "2444"]
[BlackElo "2816"]
[TimeControl "180+1"]
[EndTime "8:06:17 PST"]
[Termination "EAtakishiyev11 won on time"]

1. e4 Nf6 2. e5 Nd5 3. d4 d6 4. Nf3 Nb6 5. h3 g6 6. c4 Bg7 7. Nc3 O-O 8. Be3 dxe5 9. Nxe5 Nc6 10. Nxc6 bxc6 11. Qf3 Bxd4 12. Rd1 c5 13. Bh6 Re8 14.
Be2 Rb8 15. O-O Bb7 16. Qg3 Qd6 17. Bf4 e5 18. Bh6 f5 19. Nb5 Qe7 20. Nxd4 cxd4 21.
b3 c5 22. Bg5 Qf7 23. Qh4 Nc8 24. f3 Nd6 25. Bd3 Re6 26. Rde1 Rbe8 27. Kh1 e4 28. fxe4 Bxe4 29. Bxe4 Rxe4 30. Rxe4 Rxe4 31. Qg3 Qe6 32. Qg4 fxg4 0-1

[Event "Early-Titled-Tuesday-Blitz-January-16-2024"]
[Site "Chess.com"]
[Date "2024.01.16"]
[Round "1"]
[White "inagreV"]
[Black "Hamisandwich"]
[Result "0-1"]
[WhiteElo "2393"]
[BlackElo "2720"]
[TimeControl "180+1"]
[EndTime "8:06:18 PST"]
[Termination "Hamisandwich won on time"]

1. d4 d6 2. e4 g6 3. h4 Nf6 4.
Nc3 c6 5. Nge2 b5 6. a3 Bg7 7. f3 Nbd7 8. Bg5 Nb6 9. Ng3 h6 10. Be3 h5 11. Qd2 Qc7 12. Bd3 a6 13.
O-O Bd7 14. f4 Ng4 15. f5 Nxe3 16. Qxe3 c5 17. dxc5 dxc5 18. Kh1 c4 19. Be2 Be5 20. Rf3 Rc8 21. Rd1 Qc5 22. Qg5 Bf6 23. Qd2 Bxh4 24.
e5 Qxe5 25. Re3 Qc7 0-1

[Event "Early-Titled-Tuesday-Blitz-January-16-2024"]
[Site "Chess.com"]
[Date "2024.01.16"]
[Round "1"]
[White "Flaccidmoves"]
[Black "BardArtem"]
[Result "0-1"]
[WhiteElo "2436"]
[BlackElo "2802"]
[TimeControl "180+1"]
[EndTime "8:06:19 PST"]
[Termination "BardArtem won on time"]

1. c4 c6 2. d4 d5 3. cxd5 cxd5 4. Bg5 f6 5. Bd2 Nc6 6. Nc3 e5 7. e4 dxe4 8. d5 Nd4 9. Nge2 Ne7 10. Nxd4 exd4 11. Nxe4 Qxd5 12. Bd3 Nc6 13. Qf3 Be6 14. O-O Be7 15. Rac1 Ne5 16. Qe2 Nxd3 17. Qxd3 O-O 18.
Rc7 Rfe8 19. Rfc1 Bf5 20. f3 Bd6 21. R7c4 Bxe4 22. fxe4 Qxe4 23. Qxd4 Qxd4+ 24. Rxd4 Rad8 0-1

[Event "Early-Titled-Tuesday-Blitz-January-16-2024"]
[Site "Chess.com"]
[Date "2024.01.16"]
[Round "1"]
[White "KarolKacprzak"]
[Black "Arimin1329"]
[Result "1-0"]
[WhiteElo "2738"]
[BlackElo "2399"]
[TimeControl "180+1"]
[EndTime "8:06:21 PST"]
[Termination "KarolKacprzak won by resignation"]

1. d4 Nf6 2. c4 b6 3. Nc3 Bb7 4. Nf3 e6 5. Qc2 Bb4 6. e3 Bxc3+ 7. Qxc3 Ne4 8. Qc2 O-O 9. Be2 f5 10. b3 d6 11. Bb2 Nd7 12. Bd3 Qe7 13. O-O-O a5 14.
d5 exd5 15. cxd5 Bxd5 16. Kb1 Ndc5 17. Bb5 Bb7 18. Nd4 Ng5 19. f3 Qxe3 20. Nxf5 Qf4 21.
Bc4+ Nge6 22. Nxg7 Rae8 23. Nxe8 Rxe8 24. Qc3 Qf5+ 25. Ka1 Qg6 26. Rhe1 b5 27. Bxb5 Ra8 28. Bc4 a4 29. b4 a3 30. bxc5 axb2+ 31. Qxb2 Bc8 32.
cxd6 cxd6 33. Rxd6 Kf7 34. Bxe6+ Bxe6 35. Rdxe6 1-0

[Event "Early-Titled-Tuesday-Blitz-January-16-2024"]
[Site "Chess.com"]
[Date "2024.01.16"]
[Round "1"]
[White "Malev212"]
[Black "Chessdude1987"]
[Result "1-0"]
[WhiteElo "2640"]
[BlackElo "2297"]
[TimeControl "180+1"]
[EndTime "8:06:22 PST"]
[Termination "Malev212 won by checkmate"]

1. e4 e6 2. d4 d5 3. Nc3 Nf6 4.
Bg5 h6 5. Bxf6 Qxf6 6. a3 Qd8 7. Nf3 Be7 8. h4 c6 9. g4 Nd7 10. Qe2 dxe4 11. Nxe4 Nf6 12. Nxf6+ Bxf6 13. O-O-O Qc7 14. Bg2 Qf4+ 15. Kb1 Qxg4 16. Rhg1 Bd7 17. Qe3 Qh5 18. Ne5 O-O-O 19. Bf3 Qxh4 20. Nxf7 Bg5 21. Rxg5 hxg5 22. Rh1 Qxh1+ 23. Bxh1 Rxh1+ 24. Ka2 Rf8 25. Nd6+ Kb8 26. Qe5 Ka8 27. Qxg7 Rd8 28. Qe7 Rhh8 29. Nf7 Rhe8 30. Qd6 Rc8 31. Qxd7 g4 32. Nd6 Rcd8 33. Qxb7# 1-0

[Event "Early-Titled-Tuesday-Blitz-January-16-2024"]
[Site "Chess.com"]
[Date "2024.01.16"]
[Round "1"]
[White "agvega14"]
[Black "jhedigm"]
[Result "0-1"]
[WhiteElo "2144"]
[BlackElo "2576"]
[TimeControl "180+1"]
[EndTime "8:06:22 PST"]
[Termination "jhedigm won on time"]

1. d4 Nf6 2. c4 e6 3. Nc3 Bb4 4. e3 O-O 5. Bd3 b6 6. Ne2 Bb7 7. O-O d5 8. a3 Bd6 9. cxd5 exd5 10. f3 a6 11. Bd2 Re8 12. Rc1 Nbd7 13. b4 g6 14. Qb3 Qe7 15. Rfe1 Qf8 16. Ng3 Qh6 17. Nf1 Qh5 18. Ne2 Re7 19. Neg3 Qh4 20. Re2 Rae8 21.
Be1 Qh6 22. Bf2 Nf8 23. Rce1 Ne6 24. h3 c5 25. dxc5 bxc5 26. bxc5 Nxc5 27. Qc2 Nxd3 28. Qxd3 Qg5 29. Rd1 h5 30. Red2 h4 31. Ne2 Bc7 32. Nd4 Nd7 33. Rc1 Ne5 34. Qb3 Nc4 35. Rd3 Bc8 36.
f4 Qh5 37. Nh2 Ba5 38. Nhf3 Bd7 39. Rxc4 dxc4 40. Qxc4 Bb5 41. Nxb5 Qxb5 42. Qd4 Bb6 43. Qc3 Qb1+ 0-1

[Event "Early-Titled-Tuesday-Blitz-January-16-2024"]
[Site "Chess.com"]
[Date "2024.01.16"]
[Round "1"]
[White "IM_ArthurDW08"]
[Black "BJthechessgod"]
[Result "1-0"]
[WhiteElo "2788"]
[BlackElo "2423"]
[TimeControl "180+1"]
[EndTime "8:06:23 PST"]
[Termination "IM_ArthurDW08 won on time"]

1. e4 c5 2. Nf3 e6 3. b3 Nc6 4. Bb2 Nf6 5. Nc3 d6 6. d4 cxd4 7. Nxd4 Bd7 8. Qd2 a6 9. O-O-O Be7 10. Kb1 Qc7 11. f3 b5 12. Nxc6 Bxc6 13. Ne2 O-O 14. Nd4 Bd7 15. g4 Rac8 16. h4 d5 17. e5 Ne8 18. h5 h6 19. f4 f6 20. Bd3 fxe5 21. fxe5 Bg5 22. Qe2 Bf4 23. Nf3 Qd8 24.
Rdg1 Nc7 25. g5 hxg5 26. h6 g6 27. Bxg6 b4 28. Nxg5 Bxg5 29. Qh5 Kh8 30. Rxg5 Nb5 31.
Bd3 Nc3+ 32. Bxc3 bxc3 33. Rg7 Rf5 34. Qg6 1-0

[Event "Early-Titled-Tuesday-Blitz-January-16-2024"]
[Site "Chess.com"]
[Date "2024.01.16"]
[Round "1"]
[White "estelar25"]
[Black "Gennady_Kozlov"]
[Result "0-1"]
[WhiteElo "2271"]
[BlackElo "2622"]
[TimeControl "180+1"]
[EndTime "8:06:23 PST"]
[Termination "Gennady_Kozlov won on time"]

1. e4 e6 2. d4 d5 3. Nc3 Nf6 4. e5 Nfd7 5. f4 c5 6. Nf3 Nc6 7. Be3 Qb6 8. Na4 Qa5+ 9. c3 cxd4 10. b4 Nxb4 11. cxb4 Bxb4+ 12. Bd2 Bxd2+ 13. Nxd2 b5 14. Nb2 O-O 15. Nd3 Nb6 16. Kf2 Nc4 17. Nb3 Qb6 18.
Ndc5 a5 19. Qxd4 a4 20. Nc1 f6 21. exf6 Rxf6 22. Bxc4 bxc4 23. Ne2 Ra5 24. Nxe6 Qxe6 25. Rhe1 Qe4 26. Qxe4 dxe4 27. Ke3 Bb7 28. Nc3 Rd6 29. Rad1 Rd3+ 30. Rxd3 exd3 31. Kd4 Bxg2 32. Kxc4 d2 33.
Re8+ Kf7 34. Rd8 Rh5 35. Rxd2 Rxh2 36. Kb4 h5 37. Nxa4 h4 38. Nc5 h3 39. a4 Rh1 40.
a5 Rb1+ 41. Ka3 h2 0-1

[Event "Early-Titled-Tuesday-Blitz-January-16-2024"]
[Site "Chess.com"]
[Date "2024.01.16"]
[Round "1"]
[White "tteshan"]
[Black "LuisFSiles"]
[Result "1-0"]
[WhiteElo "2603"]
[BlackElo "2236"]
[TimeControl "180+1"]
[EndTime "8:06:24 PST"]
[Termination "tteshan won by resignation"]

1. e4 c5 2. c3 d5 3. exd5 Nf6 4. Qa4+ Bd7 5. Qb3 Qb6 6. Qxb6 axb6 7. c4 g6 8. Nf3 Bg7 9. Nc3 O-O 10. d3 Na6 11.
Be2 b5 12. O-O Nc7 13. Be3 b6 14. Ne5 Be8 15. Bf4 b4 16. Ne4 h5 17. h4 Nxe4 18. dxe4 b5 19. cxb5 Nxb5 20. Nc4 Nd4 21. Bd3 Bb5 22. Bg5 Ra7 23. a3 Nb3 24. Rab1 Bxc4 25.
Bxc4 Na5 26. Be2 Rb8 27. Be3 Rc7 28. Bf4 Rcb7 29. Bxb8 Rxb8 30. Rfc1 Bd4 31. a4 Nb3 32. Rd1 Bf6 33. g3 Nd4 34. Bf1 Ra8 35. b3 Kf8 36.
Bc4 Ne2+ 37. Bxe2 1-0

[Event "Early-Titled-Tuesday-Blitz-January-16-2024"]
[Site "Chess.com"]
[Date "2024.01.16"]
[Round "1"]
[White "Hikaru"]
[Black "Nf3c5"]
[Result "1-0"]
[WhiteElo "3222"]
[BlackElo "2547"]
[TimeControl "180+1"]
[EndTime "8:06:25 PST"]
[Termination "Hikaru won by resignation"]

1. Nf3 c5 2. b3 Nc6 3. Bb2 d6 4. d4 cxd4 5. Nxd4 Nf6 6. Nxc6 bxc6 7. g3 Bb7 8. Bg2 Qc7 9. e4 e5 10. O-O Be7 11. c4 O-O 12. Nc3 Nd7 13. b4 Nb6 14.
Qb3 a5 15. a3 a4 16. Qa2 Ba6 17. b5 cxb5 18. cxb5 Bb7 19. Rac1 Qc4 20. Qa1 Qb3 21. Rb1 Rac8 22. Rfc1 Bg5 23. Rd1 Be7 24. Rd3 Nc4 25.
Bf1 Nxb2 26. Nd5 Bxd5 27. Rxb3 Bxb3 28. Rxb2 Bd8 29. Be2 Bb6 30. Bd1 Bd4 31. Bxb3 axb3 32. Qb1 Rc5 33. Rxb3 Rfc8 34. Kg2 Rc2 35. Rf3 Rd2 36.
Qb3 Rcc2 37. Qxf7+ 1-0

[Event "Early-Titled-Tuesday-Blitz-January-16-2024"]
[Site "Chess.com"]
[Date "2024.01.16"]
[Round "1"]
[White "stollenmonster"]
[Black "chess_blitz00"]
[Result "1-0"]
[WhiteElo "2907"]
[BlackElo "2489"]
[TimeControl "180+1"]
[EndTime "8:06:26 PST"]
[Termination "stollenmonster won by checkmate"]

1. e4 d6 2. g3 g6 3. Bg2 Bg7 4. Ne2 c5 5. d4 Nc6 6. c3 cxd4 7.
cxd4 e5 8. d5 Nce7 9. O-O f5 10.
Nbc3 Nf6 11. f4 exf4 12. Nxf4 O-O 13. exf5 Nxf5 14. Ne6 Bxe6 15. dxe6 Re8 16. Bg5 h6 17. Bf4 Nh5 18. Nd5 Rxe6 19. Rc1 Rc8 20. Qd2 Kh7 21. Rxc8 Qxc8 22. g4 Nxf4 23. Nxf4 Bd4+ 24. Kh1 Be3 25.
Qd3 Bxf4 26. gxf5 Re3 27. fxg6+ Kg7 28. Qd4+ Re5 29. Qxf4 Qd7 30. Qf6+ Kg8 31. Qf8# 1-0

[Event "Early-Titled-Tuesday-Blitz-January-16-2024"]
[Site "Chess.com"]
[Date "2024.01.16"]
[Round "1"]
[White "rasmussvane"]
[Black "maximnovik"]
[Result "1-0"]
[WhiteElo "3005"]
[BlackElo "2517"]
[TimeControl "180+1"]
[EndTime "8:06:27 PST"]
[Termination "rasmussvane won by checkmate"]

1. Nf3 Nf6 2. g3 g6 3. Bg2 d5 4. O-O Bg7 5. d4 O-O 6. c4 dxc4 7. Na3 Nc6 8. Nxc4 Be6 9. b3 a5 10. a4 Bd5 11. Bb2 Nb4 12. e3 c6 13. Qe2 Qc7 14.
Rfd1 Rfd8 15. Rac1 e6 16. Nfe5 Bxg2 17. Kxg2 Qe7 18.
Bc3 Nfd5 19. Be1 Qc7 20. h4 h5 21. Nd3 Nxd3 22. Rxd3 Bf8 23. e4 Nb4 24. Rdd1 Rd7 25. Ne5 Rdd8 26. Nf3 Bg7 27. Bd2 Rd7 28. Bf4 Qb6 29. Be3 Qa6 30. Rc4 Rad8 31. Bg5 Ra8 32. Ne5 Bxe5 33. dxe5 Rxd1 34. Qxd1 b5 35. Rd4 bxa4 36.
Rd8+ Kh7 37. Qd7 Qa7 38. Qxa7 Rxa7 39. Bf6 g5 40. Rh8+ Kg6 41. hxg5 axb3 42. Rh6# 1-0

[Event "Early-Titled-Tuesday-Blitz-January-16-2024"]
[Site "Chess.com"]
[Date "2024.01.16"]
[Round "1"]
[White "queen_iryna"]
[Black "NovozhilovSemen"]
[Result "0-1"]
[WhiteElo "2355"]
[BlackElo "2678"]
[TimeControl "180+1"]
[EndTime "8:06:27 PST"]
[Termination "NovozhilovSemen won by resignation"]

1. e4 c5 2. Nf3 Nc6 3. Bb5 g6 4. Bxc6 bxc6 5. O-O Bg7 6. c3 Nf6 7. Re1 O-O 8. d4 d5 9. e5 Ne4 10. Nbd2 Bf5 11. Nf1 Qb6 12. Ng3 Nxg3 13. hxg3 c4 14. b4 a5 15. Ba3 Ra7 16. bxa5 Qxa5 17. Bb4 Qc7 18. a4 Rfa8 19. a5 Bf8 20. Re2 Rb7 21. Rea2 Ra6 22. Qa4 Rb5 23. Qa3 Qb7 24. Bc5 Qc7 25. Bb4 Rb8 26. Bc5 e6 27. Bb6 Qxb6 28.
axb6 Bxa3 29. Rxa3 Rxa3 30. Rxa3 Rxb6 31. Ra1 h6 32. Kf1 Bd3+ 33. Ke1 Rb2 34. Rc1 Re2+ 35.
Kd1 Rxf2 36. Ne1 Be4 37. Ra1 h5 38. Ra6 Bxg2 39. Rxc6 Be4 40. Rc8+ Kg7 41. Rc7 g5 0-1

[Event "Early-Titled-Tuesday-Blitz-January-16-2024"]
[Site "Chess.com"]
[Date "2024.01.16"]
[Round "1"]
[White "falzehope0"]
[Black "Arifarsky"]
[Result "0-1"]
[WhiteElo "2383"]
[BlackElo "2713"]
[TimeControl "180+1"]
[EndTime "8:06:28 PST"]
[Termination "Arifarsky won by resignation"]

1. d4 Nf6 2. e3 g6 3. Bd3 Bg7 4. f4 c5 5. Nf3 O-O 6. O-O b6 7. Nbd2 Ba6 8. Bxa6 Nxa6 9. c3 Nc7 10. e4 cxd4 11.
cxd4 d6 12. Qe2 Rc8 13. Nb3 Qd7 14. e5 Nfd5 15. Kh1 Qb5 16. Qe1 a5 17. Ng5 Nb4 18.
Qf2 Ne6 19. Nh3 Rc2 20. Qg1 Nxa2 21. Rxa2 Qxb3 22. Ra3 Qc4 23. Be3 f5 24. Rd1 Qd5 25. Rc3 Rxb2 26. Nf2 b5 27. Nd3 Ra2 28. Rdc1 b4 29.
Rc8 b3 30. Ne1 b2 31. Rxf8+ Bxf8 32. Rb1 Qe4 33. Nf3 Qxb1 34. Qxb1 Ra1 0-1

[Event "Early-Titled-Tuesday-Blitz-January-16-2024"]
[Site "Chess.com"]
[Date "2024.01.16"]
[Round "1"]
[White "Herzog2012"]
[Black "GMWSO"]
[Result "0-1"]
[WhiteElo "2538"]
[BlackElo "3084"]
[TimeControl "180+1"]
[EndTime "8:06:29 PST"]
[Termination "GMWSO won on time"]

1. e4 c5 2. Nf3 d6 3. d4 cxd4 4. Nxd4 Nf6 5. Nc3 a6 6. Bg5 e6 7. f4 Be7 8. Qf3 Qc7 9. O-O-O Nbd7 10. g4 h6 11. Bxf6 Bxf6 12. h4 Nb6 13. g5 Bxd4 14.
Rxd4 Qc5 15. Rd2 Bd7 16. Be2 hxg5 17. hxg5 Rxh1+ 18. Qxh1 O-O-O 19. Rd3 Bc6 20. Qd1 Kc7 21.
Rd4 e5 22. fxe5 Qxe5 23. Qd2 Rh8 24. b3 Rh1+ 25. Kb2 Rg1 26. Bh5 g6 27. Qf2 Rxg5 28. Be2 f6 29. a4 Rg3 30. Bd3 Rf3 31. Qg1 Rg3 32. Qf2 Rf3 33. Qg1 g5 34. Rb4 Nd7 35.
Qa7 Qc5 36. Qxc5 dxc5 37. Rc4 b5 0-1

[Event "Early-Titled-Tuesday-Blitz-January-16-2024"]
[Site "Chess.com"]
[Date "2024.01.16"]
[Round "1"]
[White "ural58"]
[Black "bancsoo"]
[Result "0-1"]
[WhiteElo "2494"]
[BlackElo "2924"]
[TimeControl "180+1"]
[EndTime "8:06:29 PST"]
[Termination "bancsoo won by resignation"]

1. e4 e5 2. Nf3 d6 3. d4 exd4 4. Nxd4 Nf6 5. Nc3 Be7 6. Be2 O-O 7. O-O Re8 8. h3 Bf8 9. Bg5 h6 10. Bh4 c6 11. Bf3 Nbd7 12. g4 g6 13. Re1 Bg7 14.
Bg2 Qb6 15. Nb3 a5 16. a4 Nc5 17. Nxc5 Qxc5 18. Qd2 Nd7 19. Kh1 Ne5 20. Nd1 Nc4 21. Qc1 f5 22. f3 fxe4 23. fxe4 Be6 24. Bf2 Qb4 25. c3 Qb3 26. Bf1 Rf8 27. Bxc4 Qxc4 28. Be3 Qxe4+ 29. Kh2 Be5+ 30. Kg1 Qf3 31. Qd2 Bd5 32.
Qh2 Bxh2+ 0-1

[Event "Early-Titled-Tuesday-Blitz-January-16-2024"]
[Site "Chess.com"]
[Date "2024.01.16"]
[Round "1"]
[White "barbara25"]
[Black "Caterpiller35"]
[Result "0-1"]
[WhiteElo "2285"]
[BlackElo "2625"]
[TimeControl "180+1"]
[EndTime "8:06:29 PST"]
[Termination "Caterpiller35 won by resignation"]

1. e4 c5 2. Nf3 Nc6 3. Nc3 g6 4. d4 cxd4 5. Nxd4 Bg7 6. Be3 Nf6 7. Bc4 O-O 8. Bb3 Qa5 9. O-O d6 10. Qd2 Ng4 11. Nxc6 bxc6 12. Bd4 e5 13. Be3 Nxe3 14.
Qxe3 Qb6 15. Qd3 Ba6 16. Qxd6 Bxf1 17. Rxf1 Rad8 18. Qe7 a5 19. a4 Qd4 20. h3 Kh8 21.
Qb7 f5 22. Qxc6 f4 23. Qc4 Qa7 24. Nd5 f3 25. g3 Qd7 26. Qb5 Qxh3 27. Ne3 Rb8 28. Qc5 Rbc8 29. Qd5 Rcd8 30. Qxa5 h5 31. Bc4 h4 32. Qb6 hxg3 33. fxg3 Qxg3+ 34. Kh1 Rd2 0-1

[Event "Early-Titled-Tuesday-Blitz-January-16-2024"]
[Site "Chess.com"]
[Date "2024.01.16"]
[Round "1"]
[White "Viktor_Poddubnyi"]
[Black "Dinosaurio_1975"]
[Result "0-1"]
[WhiteElo "2304"]
[BlackElo "2644"]
[TimeControl "180+1"]
[EndTime "8:06:30 PST"]
[Termination "Dinosaurio_1975 won on time"]

1. e4 e5 2. f4 exf4 3. Nf3 h6 4. d4 g5 5. g3 d5 6. exd5 Qxd5 7. Nc3 Bb4 8. Bd3 Nf6 9. O-O Bxc3 10. bxc3 Bg4 11. Qe2+ Kd8 12. gxf4 Re8 13. Qf2 Ne4 14. Bxe4 Rxe4 15.
fxg5 Nc6 16. gxh6 Bh3 17. Re1 Kd7 18. Rxe4 Qxe4 0-1

[Event "Early-Titled-Tuesday-Blitz-January-16-2024"]
[Site "Chess.com"]
[Date "2024.01.16"]
[Round "1"]
[White "KarstenHansch"]
[Black "alvarorodriguezavila"]
[Result "1-0"]
[WhiteElo "2650"]
[BlackElo "2313"]
[TimeControl "180+1"]
[EndTime "8:06:31 PST"]
[Termination "KarstenHansch won by resignation"]

1. e4 c5 2. Nf3 g6 3. c3 Bg7 4. d4 cxd4 5. cxd4 d5 6. e5 Nc6 7. Nc3 Bg4 8. Bb5 Rc8 9. O-O e6 10. h3 Bxf3 11. Qxf3 Ne7 12. Bg5 O-O 13. Bxc6 Rxc6 14.
Bxe7 Qxe7 15. Qd3 Rfc8 16. Nb5 Bf8 17. Nxa7 Qb4 18. Nxc8 Rxc8 19. a3 Qxb2 20. Rfb1 Qc3 21. Qxc3 Rxc3 22. a4 Rc7 23. Rc1 Rd7 24. Rab1 Kg7 25. Rc8 h5 26. Rb8 Rc7 27. R8xb7 Rc4 28. Ra1 Rxd4 29. a5 Rd2 30. a6 Bc5 31. a7 Rxf2 32.
a8=Q Ra2+ 33. Kh1 Rxa8 34. Rxa8 Bd4 35. Rd8 Bxe5 36. Rdd7 Kh6 37. Rxf7 Kg5 38. Rbe7 d4 39. Rxe6 Bf4 40. Re4 Be3 41. Rd7 1-0